 Dungeon Crawl Stone Soup version bcrawl-1.20.1-3-gdcb1fc31ed (webtiles) character file.

Game seed: 11392257139469583614

116 Freyura the Slasher (level 5, -4/41 HPs)
             Began as a Barachi Sloth Apostle on Jan 29, 2020.
             Was a Follower of Cheibriados.
             Slain by a gnoll
             ... wielding a +0 halberd
              (9 damage)
             ... on level 2 of the Dungeon.
             The game lasted 00:07:19 (2120 turns).

Freyura the Slasher (Barachi Sloth Apostle)         Turns: 2120, Time: 00:07:20

Health: -4/41      AC:  7    Str: 17    XL:     5   Next: 0%
Magic:  6/6        EV:  8    Int: 15    God:    Cheibriados [*.....]
Gold:   173        SH: 10    Dex: 15    Spells: 5/6 levels left

rFire    . . .     SeeInvis .   a - +0 falchion
rCold    . . .     Gourm    .   c - +0 shield
rNeg     . . .     Faith    .   h - +0 ring mail
rPois    .         Spirit   .   (no helmet)
rElec    .         Reflect  .   g - +0 cloak
rCorr    .         Harm     .   (no gloves)
MR       .....                  i - +0 pair of boots
Stlth    ++........             (no amulet)
HPRegen  0.13/turn              (no ring)
MPRegen  0.10/turn              (no ring)

@: very slow
A: +LOS, swims, slowness 1, strong legs 1
a: Hop, Bend Time, Renounce Religion


You were on level 2 of the Dungeon.
You worshipped Cheibriados.
Cheibriados was aware of your devotion.
You were not hungry.

You visited 1 branch of the dungeon, and saw 2 of its levels.

You collected 173 gold pieces.

Inventory:

Hand Weapons
 a - a +0 falchion (weapon)
Armour
 c - a +0 shield (worn)
 g - a +0 cloak (worn)
 h - a +0 ring mail (worn)
 i - a +0 pair of boots (worn)
Wands
 d - a wand of paralysis (10)
Scrolls
 b - a scroll of teleportation {unknown}
 f - 3 scrolls of identify
Potions
 j - a potion of cancellation
Comestibles
 e - 7 rations {!d}


   Skills:
 + Level 3.0 Fighting
 * Level 3.8 Long Blades
 + Level 1.6 Armour
 + Level 1.1 Dodging
 - Level 3.0 Stealth
 + Level 2.8 Shields
 - Level 1.1 Spellcasting
 - Level 1.1 Hexes
 + Level 1.0 Invocations
 + Level 2.0 Evocations


You had 5 spell levels left.
You knew the following spells:

 Your Spells              Type           Power        Failure   Level  Hunger
a - Slow                  Hex            #.......     80%         1    ##.....
Your spell library was empty.

Dungeon Overview and Level Annotations

Branches:
Dungeon (2/12)

Altars:
The Shining One


Innate Abilities, Weirdness & Mutations

You can see and be seen from farther away.
You can swim through water.
You cover ground slowly.
You can hop short distances.


Message History

* * * LOW HITPOINT WARNING * * *
You completely miss the gnoll.
The gnoll is lightly wounded.
You block the gnoll's attack.
You hit the gnoll.
The gnoll is moderately wounded.
You block the gnoll's attack. The gnoll hits you with a +0 spear.
* * * LOW HITPOINT WARNING * * *
You hit the gnoll.
The gnoll is heavily wounded.
You block the gnoll's attack. The gnoll hits you but does no damage.
You hit the gnoll but do no damage.
The gnoll is heavily wounded.
You block the gnoll's attack. The gnoll hits you but does no damage.
You hit the gnoll.
The gnoll is almost dead.
The gnoll hits you with a +0 spear.
* * * LOW HITPOINT WARNING * * *
The gnoll hits you from afar with a +0 halberd!
You die...

.........# #.##8...8...8##...
########.#######.# #8###8# ###.
#...........# ##########.
#.........### #......##(
#.........# ##......##.
######.........# ####'......###
##.............# #.....##......
##.............#####...(.##...###
''..............@gg'...>.####.# #
##.............#####.....####.###
##.............# #.....+.......
##.....####..### #.....####....
######## ##.#######.....########
#.##............#
#..#............#
##.#............#
#.#......รท.....#


You could see 2 gnolls.

Vanquished Creatures
  An orc wizard (D:2)
  A gnoll (D:2)
  An adder (D:2)
  An ooze (D:1)
  A worm (D:2)
  3 dart slugs
  2 leopard geckos
  2 bats
  A giant cockroach (D:2)
  5 hobgoblins
  7 jackals
  7 kobolds
  2 quokkas (D:2)
  4 frilled lizards (D:1)
  7 goblins
  A quokka skeleton (D:2)
  5 rats
51 creatures vanquished.

Notes
Turn   | Place    | Note
-------+----------+-------------------------------------------
     0 | D:1      | Freyura the Barachi Sloth Apostle began the quest for the
                  | Orb.
     0 | D:1      | Reached XP level 1. HP: 17/17 MP: 2/2
    90 | D:1      | Reached XP level 2. HP: 9/23 MP: 3/3
  1155 | D:1      | Reached XP level 3. HP: 21/28 MP: 4/4
  1383 | D:1      | Reached skill level 1 in Armour
  1592 | D:2      | Reached * piety under Cheibriados
  1774 | D:2      | Reached XP level 4. HP: 32/34 MP: 5/5
  1802 | D:2      | Reached skill level 1 in Dodging
  2028 | D:2      | Reached skill level 1 in Invocations
  2082 | D:2      | Found a glowing golden altar of the Shining One.
  2112 | D:2      | Reached XP level 5. HP: 26/41 MP: 6/6
  2120 | D:2      | Slain by a gnoll

Skill      XL: |  1  2  3  4 |
---------------+-------------+-----
Long Blades    | 3 |  3.8
Armour         | 1 |  1.6
Dodging        | 1 |  1.1
Invocations    | 1 |  1.0
Evocations     | 2 |  2.0
Fighting       | 3 |  3.0
Stealth        | |  3.0
Shields        | |  2.8
Spellcasting   | |  1.1
Hexes          | |  1.1

Action                   |  1- 3 |  4- 6 || total
-------------------------+-------+-------++-------
Melee: Falchion          |   147 |    76 ||   223
  Use: Scroll            |     2 |       ||     2
 Stab: Sleeping          |     3 |       ||     3
  Eat: Chunk             |     3 |     1 ||     4
Armor: Robe              |    10 |       ||    10
       Ring mail         |    29 |    35 ||    64
Dodge: Dodged            |    55 |    24 ||    79
Block: Shield            |    57 |    54 ||   111
